[Event "ICCopen2017"]
[Site "Internet Chess Club"]
[Date "2017.03.26"]
[Round "3"]
[White "Mormegil"]
[Black "Ernie1"]
[Result "1-0"]
[ICCResult "Black resigns"]
[WhiteElo "1713"]
[BlackElo "1269"]
[Opening "QGD semi-Slav"]
[ECO "D43"]
[NIC "SL.03"]
[Time "19:31:21"]
[TimeControl "180+0"]

1. Nf3 c6 2. c4 d5 3. d4 Nf6 4. Nc3 e6 5. Bg5 Be7 6. e3 Ne4 7. Bxe7 Nxc3 8.
bxc3 Qxe7 9. cxd5 exd5 10. Bd3 Bg4 11. h3 Bxf3 12. Qxf3 Nd7 13. O-O Qf6 14.
Qg3 O-O 15. Qc7 Qe7 16. Qxb7 c5 17. Qxd5 cxd4 18. cxd4 Nb6 19. Qf5 g6 20.
Qf3 Qa3 21. Be4 Rac8 22. Qf6 Nc4 23. Bd5 Nd2 24. Rfd1 Rc2 25. Bb3 Qb2 26.
Bxc2 Qxc2 27. d5 Ne4 28. Qf3 Nc3 29. Rdc1 Ne2+ 30. Kh2 Nxc1 31. d6 Rd8 32.
Qf6 Qc8 33. Rxc1 Qd7 34. Rd1 Qe6 35. Qxe6 fxe6 36. e4 Kf7 37. e5 Ke8 38. f4
Kd7 39. Rc1 Rc8 40. Rxc8 Kxc8 41. Kg3 Kd7 42. Kg4 h6 43. h4 a5 44. h5 gxh5+
45. Kxh5 {Black resigns} 1-0

[Event "ICCopen2017"]
[Site "Internet Chess Club"]
[Date "2017.03.26"]
[Round "3"]
[White "Monterrey"]
[Black "Activekids"]
[Result "0-1"]
[ICCResult "White forfeits on time"]
[WhiteElo "1624"]
[BlackElo "1997"]
[Opening "QGD Slav defense"]
[ECO "D10"]
[NIC "SL.01"]
[Time "19:30:12"]
[TimeControl "180+0"]

1. d4 d5 2. c4 c6 3. Nc3 Nf6 4. e3 Bf5 5. cxd5 cxd5 6. Qb3 Nc6 7. Qxb7 Bd7
8. Qb3 Rb8 9. Qd1 e5 10. dxe5 Nxe5 11. Nf3 Bd6 12. Be2 O-O 13. O-O Be6 14.
b3 Rc8 15. Bb2 Bb8 16. Nxe5 Bxe5 17. Na4 Bb8 18. g3 Bh3 19. Re1 Ne4 20. Bf3
Re8 21. Qd4 f6 22. Rad1 Be6 23. Bg2 Be5 24. Qd3 Bxb2 25. Nxb2 Rc3 26. Qe2
Qc7 27. Bxe4 dxe4 28. Rd2 Rc8 29. Red1 Rc1 30. Na4 f5 31. Rd4 h6 32. Qd2
Rxd1+ 33. Qxd1 Qc2 34. Rd2 Qxd1+ 35. Rxd1 Rc2 36. Rd8+ Kh7 37. Rd6 Bf7 38.
h3 Bh5 39. g4 fxg4 40. hxg4 Bxg4 41. Ra6 Bf3 42. Rxa7 Rxa2 43. Ra6 h5 44.
Kh2 Rxf2+ 45. Kg3 Rg2+ 46. Kf4 g5+ {White forfeits on time} 0-1

[Event "ICCopen2017"]
[Site "Internet Chess Club"]
[Date "2017.03.26"]
[Round "3"]
[White "AnthonyRaelund"]
[Black "tonychess2014"]
[Result "0-1"]
[ICCResult "White forfeits on time"]
[WhiteElo "1415"]
[BlackElo "1788"]
[Opening "English opening"]
[ECO "A10"]
[NIC "EO.63"]
[Time "19:32:11"]
[TimeControl "180+0"]

1. c4 b6 2. g3 Bb7 3. Nf3 g5 4. Bg2 h6 5. O-O Bg7 6. Nc3 Nf6 7. d3 O-O 8.
Bd2 d6 9. Qc1 g4 10. Nh4 Bxg2 11. Nxg2 Kh7 12. Nh4 e6 13. e4 Nbd7 14. Ne2
Ne5 15. Qc2 c5 16. f4 gxf3 17. Nxf3 Nxf3+ 18. Rxf3 Ng4 19. Raf1 Ne5 20. Rf4
Qe7 21. b3 Ng6 22. Rh4 Nxh4 23. gxh4 f5 24. exf5 Rxf5 25. Rxf5 exf5 26. Ng3
Qxh4 27. Nxf5 Qg4+ 28. Ng3 Bd4+ 29. Kg2 Rf8 30. Be1 Qf3+ 31. Kh3 Bf2 32.
Bxf2 Qxf2 33. Qd1 Qf3 34. Qd2 Rg8 35. Qe1 Rg7 36. Qe4+ Qxe4 37. Nxe4 Rg6 38.
Kh4 Rg2 39. Nxd6 Rxh2+ 40. Kg3 Rd2 41. Nc8 Rxd3+ 42. Kf4 Rd7 43. Ke5 h5 44.
Ke6 Rc7 45. Nd6 Rc6 46. Kd5 Rxd6+ 47. Kxd6 h4 48. Kc6 h3 49. Kb7 h2 50. Kxa7
h1=Q 51. Kxb6 Qb1 52. Kxc5 Qxa2 53. b4 Qa8 54. b5 Qc8+ {White forfeits on
time} 0-1

[Event "ICCopen2017"]
[Site "Internet Chess Club"]
[Date "2017.03.26"]
[Round "3"]
[White "JohannesHaugish"]
[Black "ErnestoRondon"]
[Result "1-0"]
[ICCResult "Black resigns"]
[WhiteElo "1748"]
[BlackElo "1855"]
[Opening "Old Benoni defense"]
[ECO "A43"]
[NIC "OI.09"]
[Time "19:32:26"]
[TimeControl "180+0"]

1. d4 c5 2. dxc5 e6 3. Be3 Na6 4. Nf3 Nxc5 5. Nbd2 d5 6. Nb3 Nd7 7. Bd4 Ngf6
8. e3 Bd6 9. c4 O-O 10. cxd5 exd5 11. Bd3 Bb4+ 12. Nbd2 Ne4 13. a3 Bxd2+ 14.
Nxd2 Nxd2 15. Qxd2 Nf6 16. Bxf6 Qxf6 17. O-O Be6 18. Be2 Rad8 19. Rfd1 a6
20. Rac1 Rd7 21. Qd4 Qxd4 22. Rxd4 Rdd8 23. g3 Rc8 24. Rdd1 b5 25. f4 g6 26.
Kf2 Rfd8 27. Bf3 Rc4 28. Rxc4 bxc4 29. Rd2 Kf8 30. g4 f5 31. h3 Ke7 32. Be2
Rc8 33. Kf3 Kd6 34. Bd1 Kc5 35. Be2 Rd8 36. g5 d4 37. exd4+ Rxd4 38. Rxd4
Kxd4 39. h4 Bd5+ 40. Kg3 a5 41. Kf2 c3 42. bxc3+ Kxc3 43. Bb5 Kb3 44. a4 Kb4
45. Be8 Bb3 46. h5 Bxa4 47. Bxg6 hxg6 48. h6 Bb3 49. h7 a4 50. h8=Q a3 51.
Qd4+ Bc4 52. Ke1 a2 53. Kd2 Kb3 54. Kc1 a1=Q+ 55. Qxa1 Kb4 56. Qf6 Bd3 57.
Qxg6 Kc3 58. Qf6+ Kc4 59. g6 {Black resigns} 1-0

[Event "ICCopen2017"]
[Site "Internet Chess Club"]
[Date "2017.03.26"]
[Round "4"]
[White "Synapse"]
[Black "Shafkat"]
[Result "0-1"]
[ICCResult "White checkmated"]
[WhiteElo "1379"]
[BlackElo "1657"]
[Opening "Ruy Lopez: Schliemann defense"]
[ECO "C63"]
[NIC "RL.06"]
[Time "19:41:22"]
[TimeControl "180+0"]

1. e4 e5 2. Nf3 Nc6 3. Bb5 f5 4. Bxc6 dxc6 5. d4 fxe4 6. Nxe5 Nf6 7. O-O Bd6
8. Bg5 O-O 9. c3 Be6 10. Nd2 c5 11. Bxf6 Qxf6 12. Nxe4 Qh4 13. Nxc5 Bxe5 14.
Nxe6 Qxh2# {White checkmated} 0-1

[Event "ICCopen2017"]
[Site "Internet Chess Club"]
[Date "2017.03.26"]
[Round "4"]
[White "king-lear"]
[Black "Rszteinbaum"]
[Result "1-0"]
[ICCResult "Black resigns"]
[WhiteElo "1902"]
[BlackElo "1412"]
[Opening "Queen's pawn game, Krause variation"]
[ECO "D02"]
[NIC "QP.08"]
[Time "19:40:52"]
[TimeControl "180+0"]

1. d4 d5 2. Nf3 c5 3. c4 Nc6 4. cxd5 Qxd5 5. Nc3 Qd8 6. d5 Nb8 7. e4 e5 8.
Nxe5 Bd6 9. Nc4 f6 10. Be2 a6 11. a4 Ne7 12. Qd3 O-O 13. Nxd6 Qxd6 14. Qg3
Qxg3 15. hxg3 Nd7 16. a5 Ne5 17. f4 Nf7 18. Na4 Nd6 19. Nxc5 {Black resigns}
1-0

[Event "ICCopen2017"]
[Site "Internet Chess Club"]
[Date "2017.03.26"]
[Round "4"]
[White "Activekids"]
[Black "manitodeplomo"]
[Result "0-1"]
[ICCResult "White resigns"]
[WhiteElo "1995"]
[BlackElo "2446"]
[Opening "Sicilian: closed"]
[ECO "B24"]
[NIC "SI.44"]
[Time "19:41:44"]
[TimeControl "180+0"]

1. e4 c5 2. Nc3 Nc6 3. g3 g6 4. Bg2 Bg7 5. d3 Rb8 6. Be3 b5 7. Bxc5 b4 8.
Na4 Qa5 9. b3 d6 10. Be3 Bxa1 11. Qxa1 Nf6 12. f4 O-O 13. Ne2 Ba6 14. O-O
Bb5 15. Nb2 Ng4 16. Bd2 Qb6+ 17. d4 Bxe2 {White resigns} 0-1

[Event "ICCopen2017"]
[Site "Internet Chess Club"]
[Date "2017.03.26"]
[Round "4"]
[White "rayhem"]
[Black "Brothersinarms"]
[Result "0-1"]
[ICCResult "White resigns"]
[WhiteElo "1350"]
[BlackElo "1846"]
[Opening "Queen's pawn: Charlick (Englund) gambit"]
[ECO "A40"]
[NIC "QO.17"]
[Time "19:42:23"]
[TimeControl "180+0"]

1. d4 e5 2. dxe5 d6 3. exd6 Bxd6 4. e4 Nc6 5. Nf3 Bg4 6. Be2 Nf6 7. Nc3 Qe7
8. O-O O-O-O 9. Re1 Bxh2+ 10. Nxh2 Rxd1 11. Bxg4+ Nxg4 12. Rxd1 Nxh2 13.
Kxh2 Ne5 14. Bf4 Qh4+ 15. Kg1 Qxf4 16. Nd5 Qg5 17. Ne7+ Qxe7 18. Rd8+
{White resigns}
0-1

[Event "ICCopen2017"]
[Site "Internet Chess Club"]
[Date "2017.03.26"]
[Round "4"]
[White "checkmatiste"]
[Black "tani-thegreat"]
[Result "0-1"]
[ICCResult "White resigns"]
[WhiteElo "1641"]
[BlackElo "2502"]
[Opening "Queen's pawn game"]
[ECO "A46"]
[NIC "QP.06"]
[Time "19:41:21"]
[TimeControl "180+0"]

1. d4 Nf6 2. Nf3 c5 3. c3 b6 4. Bf4 Ba6 5. e3 Bxf1 6. Kxf1 d6 7. Bg5 Nbd7 8.
Bxf6 Nxf6 9. g3 g6 10. Kg2 Bg7 11. Re1 O-O 12. Nbd2 b5 13. Qc2 Qb6 14. Ne4
Nd7 15. h4 Qb7 16. Ned2 Rac8 17. Qd3 Nf6 18. Rec1 e5 19. dxc5 e4 20. Nxe4
Nxe4 21. b4 dxc5 22. Qe2 Nxc3 23. Rxc3 Bxc3 24. Rb1 cxb4 25. a3 a5
{White resigns}
0-1

[Event "ICCopen2017"]
[Site "Internet Chess Club"]
[Date "2017.03.26"]
[Round "4"]
[White "tirandopiezas"]
[Black "Cubitas"]
[Result "0-1"]
[ICCResult "White resigns"]
[WhiteElo "2022"]
[BlackElo "2455"]
[Opening "Sicilian"]
[ECO "B54"]
[NIC "SI.01"]
[Time "19:42:37"]
[TimeControl "180+0"]

1. e4 c5 2. Nf3 d6 3. d4 cxd4 4. Nxd4 e5 5. Nb3 Be6 6. Nc3 Nf6 7. Bg5 Be7 8.
Qd2 a6 9. O-O-O Nbd7 10. a4 b5 11. Bxf6 Bxf6 12. a5 Bg5 {White resigns} 0-1

[Event "ICCopen2017"]
[Site "Internet Chess Club"]
[Date "2017.03.26"]
[Round "4"]
[White "Koval"]
[Black "gibert"]
[Result "1-0"]
[ICCResult "Black resigns"]
[WhiteElo "1947"]
[BlackElo "1507"]
[Opening "QGD: Orthodox defense, Swiss, Karlsbad variation"]
[ECO "D53"]
[NIC "QO.13"]
[Time "19:41:45"]
[TimeControl "180+0"]

1. d4 d5 2. c4 e6 3. Nc3 Nf6 4. Bg5 Be7 5. e3 a6 6. Rc1 O-O 7. Nf3 Nbd7 8.
cxd5 Nxd5 9. Bxe7 Qxe7 10. Nxd5 exd5 11. Rxc7 Qb4+ 12. Qd2 Qxd2+ 13. Kxd2
Nf6 14. Bd3 b5 15. Rhc1 Bg4 16. Ne5 Bh5 17. f4 Ne4+ 18. Bxe4 dxe4 19. R1c5
f6 20. Nd7 {Black resigns} 1-0

[Event "ICCopen2017"]
[Site "Internet Chess Club"]
[Date "2017.03.26"]
[Round "4"]
[White "findles"]
[Black "WinAgain"]
[Result "1-0"]
[ICCResult "Black resigns"]
[WhiteElo "1866"]
[BlackElo "1372"]
[Opening "Greco defense"]
[ECO "C40"]
[NIC "KP.10"]
[Time "19:41:58"]
[TimeControl "180+0"]

1. e4 e5 2. Nf3 Qf6 3. Nc3 c6 4. d4 exd4 5. e5 Qe7 6. Qxd4 d6 7. Be3 dxe5 8.
Nxe5 Nd7 9. Nxd7 Bxd7 10. O-O-O O-O-O 11. Qxa7 Be6 12. Qa8+ Kc7 13. Rxd8
Qxd8 14. Bb6+ {Black resigns} 1-0

[Event "ICCopen2017"]
[Site "Internet Chess Club"]
[Date "2017.03.26"]
[Round "4"]
[White "marwan100"]
[Black "icewoman"]
[Result "1-0"]
[ICCResult "Black resigns"]
[WhiteElo "1676"]
[BlackElo "1071"]
[Opening "Queen's pawn game"]
[ECO "D05"]
[NIC "QP.08"]
[Time "19:41:42"]
[TimeControl "180+0"]

1. d4 d5 2. Nf3 Nf6 3. e3 e6 4. b3 b6 5. Bb2 Bd6 6. Nbd2 Bb7 7. a3 O-O 8.
Bd3 Nbd7 9. O-O a6 10. Ne5 Nxe5 11. dxe5 Ne4 12. exd6 Qxd6 13. f4 f5 14. Nf3
Rf6 15. Bxf6 gxf6 16. Nh4 Qf8 17. Qh5 Kh8 18. Rf3 Ng5 19. fxg5 fxg5 20. Qxg5
d4 21. Rh3 dxe3 22. Ng6+ Kg7 23. Nxf8+ {Black resigns} 1-0

[Event "ICCopen2017"]
[Site "Internet Chess Club"]
[Date "2017.03.26"]
[Round "4"]
[White "krankenstein"]
[Black "jbow79"]
[Result "1-0"]
[ICCResult "Black resigns"]
[WhiteElo "1152"]
[BlackElo "975"]
[Opening "Queen's pawn game"]
[ECO "D00"]
[NIC "QP.08"]
[Time "19:41:20"]
[TimeControl "180+0"]

1. d4 d5 2. h3 Nf6 3. Nf3 g6 4. Nc3 Bg7 5. a3 O-O 6. Bf4 Nbd7 7. e3 c6 8.
Be2 b6 9. O-O Bb7 10. Ne5 Nxe5 11. Bxe5 Rc8 12. f4 c5 13. f5 cxd4 14. exd4
Qd7 15. fxg6 hxg6 16. Bg4 e6 17. Bf3 Rc7 18. a4 Rfc8 19. Nb5 Rxc2 20. Nd6
Rxb2 21. Nxc8 Qxc8 22. Rc1 {Black resigns} 1-0

[Event "ICCopen2017"]
[Site "Internet Chess Club"]
[Date "2017.03.26"]
[Round "4"]
[White "Sc6"]
[Black "bean5671"]
[Result "1-0"]
[ICCResult "Black checkmated"]
[WhiteElo "1635"]
[BlackElo "1316"]
[Opening "Caro-Kann: two knights variation"]
[ECO "B11"]
[NIC "CK.01"]
[Time "19:40:50"]
[TimeControl "180+0"]

1. e4 c6 2. Nc3 d5 3. Nf3 dxe4 4. Nxe4 Bf5 5. Ng3 Bg6 6. Bc4 e6 7. d4 Nf6 8.
c3 b5 9. Bb3 a5 10. O-O a4 11. Bc2 Bxc2 12. Qxc2 Nbd7 13. Re1 Bd6 14. Ne5
O-O 15. Bg5 Be7 16. Rad1 Re8 17. h4 Nd5 18. Bxe7 Rxe7 19. Ng4 N7f6 20. Ne5
Qd6 21. Ne4 Nxe4 22. Qxe4 Nf6 23. Qf3 Rc8 24. h5 h6 25. Ng4 Nd5 26. Re5 f6
27. Ree1 Rcc7 28. Ne3 Nf4 29. Qg4 f5 30. Qh4 Qd7 31. Qxf4 Qe8 32. Qh4 Rf7
33. a3 Rce7 34. g3 Rf6 35. Ng2 Rff7 36. Nf4 e5 37. dxe5 Rxe5 38. Rxe5 Qxe5
39. Rd8+ Rf8 40. Rxf8+ Kxf8 41. Qd8+ Kf7 42. Qd7+ Kf6 43. Qxc6+ Kg5 44. Qg6#
{Black checkmated}
1-0

[Event "ICCopen2017"]
[Site "Internet Chess Club"]
[Date "2017.03.26"]
[Round "4"]
[White "hgarjur"]
[Black "TerryR"]
[Result "0-1"]
[ICCResult "White checkmated"]
[WhiteElo "1906"]
[BlackElo "2257"]
[Opening "Bird's opening"]
[ECO "A03"]
[NIC "VO.07"]
[Time "19:41:28"]
[TimeControl "180+0"]

1. f4 d5 2. g3 h5 3. Bg2 h4 4. e3 c6 5. Nc3 Nf6 6. b3 Bg4 7. Nge2 h3 8. Bf1
Bf3 9. Rg1 Ng4 10. Bb2 Nxh2 11. d3 Nxf1 12. Rxf1 h2 13. Qd2 h1=Q 14. O-O-O
Qh5 15. Rde1 Bxe2 16. Nxe2 e6 17. Rg1 Nd7 18. g4 Qh2 19. Kb1 Qb6 20. Bd4 Bc5
21. c3 O-O-O 22. Kc2 Qa6 23. a4 Bxd4 24. Nxd4 Qxd2+ 25. Kxd2 Kb8 26. Re2 e5
27. fxe5 Nxe5 28. c4 dxc4 29. dxc4 c5 30. Kc3 cxd4+ 31. exd4 Nf3 32. Rg3
Nxd4 33. Rd2 Qa5+ 34. Kb2 Qe5 35. Rgd3 Nb5+ 36. Ka2 Rxd3 37. Rxd3 Qe2+ 38.
Kb1 Rh1+ 39. Rd1 Rxd1# {White checkmated} 0-1

[Event "ICCopen2017"]
[Site "Internet Chess Club"]
[Date "2017.03.26"]
[Round "4"]
[White "superpuma"]
[Black "Dewey"]
[Result "1-0"]
[ICCResult "Black resigns"]
[WhiteElo "1901"]
[BlackElo "1400"]
[Opening "Philidor's defense"]
[ECO "C41"]
[NIC "KP.10"]
[Time "19:41:20"]
[TimeControl "180+0"]

1. e4 e5 2. Nf3 d6 3. Bc4 Be7 4. Nc3 Be6 5. Bxe6 fxe6 6. d4 Nd7 7. dxe5 Nxe5
8. Nxe5 dxe5 9. Qh5+ g6 10. Qxe5 Bf6 11. Qxe6+ Qe7 12. Qxe7+ Nxe7 13. Bd2
O-O 14. f3 Rad8 15. O-O-O Nc6 16. Nd5 Be5 17. Bg5 Rd7 18. c3 Kg7 19. Kc2 h6
20. Be3 Rfd8 21. a3 Kf7 22. Nb4 Nxb4+ 23. axb4 Rxd1 24. Rxd1 Rxd1 25. Kxd1
b6 26. Bxh6 Bxh2 27. Ke2 Kf6 28. Ke3 g5 29. Bf8 Bd6 30. Bxd6 cxd6 31. Kd4
Ke6 32. g3 a6 33. f4 gxf4 34. gxf4 b5 35. f5+ Kf6 36. Kd5 Ke7 37. e5 dxe5
38. Kxe5 Kf7 39. Kd5 Kf6 40. Kc5 Kxf5 41. Kb6 Ke5 42. Kxa6 {Black resigns}
1-0

[Event "ICCopen2017"]
[Site "Internet Chess Club"]
[Date "2017.03.26"]
[Round "4"]
[White "marabu"]
[Black "julkat-ch"]
[Result "1-0"]
[ICCResult "Black checkmated"]
[WhiteElo "2127"]
[BlackElo "1827"]
[Opening "Nimzovich-Larsen attack: Indian variation"]
[ECO "A01"]
[NIC "VO.08"]
[Time "19:41:11"]
[TimeControl "180+0"]

1. b3 Nf6 2. Bb2 e6 3. Bxf6 Qxf6 4. c3 d5 5. Nf3 Be7 6. g3 c5 7. Bg2 O-O 8.
O-O Nc6 9. Qc2 e5 10. e4 d4 11. c4 Bg4 12. Nh4 Qh6 13. Nf5 Bxf5 14. exf5 g6
15. Re1 Bf6 16. Bxc6 bxc6 17. Qe4 Bg5 18. d3 Bd2 19. Nxd2 Qxd2 20. Rad1 Qa5
21. f6 Rae8 22. Qh4 Kh8 23. Re4 Re6 24. Qh6 Rxf6 25. Qxf8# {Black
checkmated} 1-0

[Event "ICCopen2017"]
[Site "Internet Chess Club"]
[Date "2017.03.26"]
[Round "4"]
[White "volver"]
[Black "vishweshk"]
[Result "0-1"]
[ICCResult "White resigns"]
[WhiteElo "1439"]
[BlackElo "1786"]
[Opening "Queen's pawn game"]
[ECO "D05"]
[NIC "QO.17"]
[Time "19:40:52"]
[TimeControl "180+0"]

1. d4 e6 2. Nf3 Nf6 3. e3 d5 4. Bd3 Bd6 5. Nbd2 Nbd7 6. O-O e5 7. e4 dxe4 8.
Nxe4 Nxe4 9. Bxe4 O-O 10. Bg5 f6 11. Bh4 c6 12. c3 exd4 13. cxd4 Nb6 14.
Qb3+ Kh8 15. Rad1 Bc7 16. d5 cxd5 17. Bxd5 Nxd5 18. Rxd5 Qe7 19. Rfd1 Be6
20. Qxb7 Bxd5 21. Qxd5 Rad8 22. Qb3 Rxd1+ 23. Qxd1 Rd8 24. Qc2 Qd7 25. h3
Qd1+ 26. Qxd1 Rxd1+ {White resigns} 0-1

[Event "ICCopen2017"]
[Site "Internet Chess Club"]
[Date "2017.03.26"]
[Round "4"]
[White "BronStorm"]
[Black "DukeBishop"]
[Result "1-0"]
[ICCResult "Black resigns"]
[WhiteElo "1858"]
[BlackElo "1536"]
[Opening "Sicilian: dragon, Yugoslav attack, 7...O-O"]
[ECO "B76"]
[NIC "SI.17"]
[Time "19:40:56"]
[TimeControl "180+0"]

1. e4 c5 2. Nf3 d6 3. d4 cxd4 4. Nxd4 Nf6 5. Nc3 g6 6. Be3 Bg7 7. f3 O-O 8.
Qd2 Nc6 9. g4 Nxd4 10. Bxd4 a6 11. O-O-O b5 12. Kb1 Be6 13. h4 Qa5 14. Nd5
Qa4 15. Nxe7+ Kh8 16. b3 Qa3 17. h5 Rfe8 18. h6 {Black resigns} 1-0

[Event "ICCopen2017"]
[Site "Internet Chess Club"]
[Date "2017.03.26"]
[Round "4"]
[White "charlestehace"]
[Black "KH"]
[Result "1-0"]
[ICCResult "Black resigns"]
[WhiteElo "2919"]
[BlackElo "2085"]
[Opening "Queen's pawn"]
[ECO "A40"]
[NIC "QO.17"]
[Time "19:42:02"]
[TimeControl "180+0"]

1. d4 h6 2. c4 g5 3. Nc3 Bg7 4. e4 c5 5. d5 d6 6. Bd3 Bxc3+ 7. bxc3 Qa5 8.
Ne2 Nf6 9. f3 Nbd7 10. O-O Ne5 11. Be3 Bd7 12. a4 O-O-O 13. Bf2 Rdg8 14. Bg3
Ng6 15. Qd2 Nh5 16. Rfb1 b6 17. Nc1 Nxg3 18. hxg3 Ne5 19. Nb3 Qa6 20. a5 Qb7
21. axb6 axb6 22. Bf1 h5 23. Nd4 cxd4 24. cxd4 Ng6 25. c5 dxc5 26. Ba6 cxd4
27. Rxb6 Qxa6 28. Raxa6 Kc7 29. Qc2+ Kd8 30. Rb8+ {Black resigns} 1-0

[Event "ICCopen2017"]
[Site "Internet Chess Club"]
[Date "2017.03.26"]
[Round "4"]
[White "LiangLiang"]
[Black "justlucky"]
[Result "1-0"]
[ICCResult "Black checkmated"]
[WhiteElo "1720"]
[BlackElo "1194"]
[Opening "Réti: King's Indian attack"]
[ECO "A05"]
[NIC "QP.11"]
[Time "19:41:12"]
[TimeControl "180+0"]

1. Nf3 Nf6 2. g3 g6 3. Bg2 Bg7 4. O-O O-O 5. c3 d6 6. d3 e5 7. e4 Bg4 8. h3
Bd7 9. Be3 Qc8 10. Kh2 Nc6 11. Nbd2 Nh5 12. b4 f5 13. exf5 Bxf5 14. g4 Bxd3
15. gxh5 Bxf1 16. Nxf1 gxh5 17. Ng3 Qe8 18. Qd5+ Kh8 19. Ng5 Ne7 20. Qxb7 h6
21. Qxa8 Qxa8 22. Bxa8 Rxa8 23. Ne6 Bf6 24. Nxh5 Bh4 25. Nxc7 Rc8 26. Nb5 a6
27. Nxd6 Rxc3 28. Rg1 Rc8 29. Nf7+ Kh7 30. Rg7# {Black checkmated} 1-0

[Event "ICCopen2017"]
[Site "Internet Chess Club"]
[Date "2017.03.26"]
[Round "4"]
[White "chigato"]
[Black "applepear"]
[Result "1-0"]
[ICCResult "Black checkmated"]
[WhiteElo "1684"]
[BlackElo "1084"]
[Opening "Gedult's opening"]
[ECO "A00"]
[Time "19:41:02"]
[TimeControl "180+0"]

1. f3 c5 2. e4 Nc6 3. Bd3 g6 4. Qe2 Bg7 5. c3 d6 6. Bc2 e5 7. d3 Nge7 8. f4
O-O 9. Nf3 Bg4 10. Be3 b6 11. Nbd2 Rb8 12. O-O Re8 13. h3 Bxf3 14. Qxf3 f6
15. f5 Qd7 16. Bb3+ Kf8 17. Be6 Qd8 18. Qg3 gxf5 19. exf5 Nxf5 20. Bxf5 d5
21. Qh4 d4 22. Bh6 Ne7 23. Bxg7+ Kxg7 24. Qxh7+ Kf8 25. Be6 Ng8 26. Qf7#
{Black checkmated}
1-0

[Event "ICCopen2017"]
[Site "Internet Chess Club"]
[Date "2017.03.26"]
[Round "4"]
[White "soyleyenda"]
[Black "armand068new"]
[Result "1-0"]
[ICCResult "Black checkmated"]
[WhiteElo "1639"]
[BlackElo "1254"]
[Opening "Sicilian defense"]
[ECO "B40"]
[NIC "SI.43"]
[Time "19:41:33"]
[TimeControl "180+0"]

1. e4 c5 2. Nf3 e6 3. d3 Nc6 4. Nbd2 Be7 5. g3 d6 6. Bg2 Nf6 7. O-O O-O 8.
Re1 e5 9. c3 Bg4 10. Qc2 a6 11. a4 b5 12. axb5 axb5 13. Rxa8 Qxa8 14. h3 Be6
15. Ng5 Bd7 16. f4 h6 17. Ngf3 b4 18. f5 Nd8 19. Nf1 Ba4 20. Qf2 Nc6 21. g4
Na5 22. Qg3 Nb3 23. Be3 bxc3 24. bxc3 Na5 25. h4 Nc6 26. g5 hxg5 27. hxg5
Nh5 28. Qh4 g6 29. f6 Bd8 30. Ng3 Nxg3 31. Qh6 Nh5 32. Nh4 Bxf6 33. gxf6 Nd8
34. Nxg6 Nxf6 35. Qh8# {Black checkmated} 1-0

[Event "ICCopen2017"]
[Site "Internet Chess Club"]
[Date "2017.03.26"]
[Round "4"]
[White "Mighty-Penguin"]
[Black "Baerenstarker"]
[Result "0-1"]
[ICCResult "White resigns"]
[WhiteElo "2078"]
[BlackElo "1854"]
[Opening "Catalan: closed, 5.Nf3"]
[ECO "E06"]
[NIC "CA.05"]
[Time "19:41:39"]
[TimeControl "180+0"]

1. d4 Nf6 2. c4 e6 3. g3 d5 4. Nf3 Be7 5. Bg2 O-O 6. O-O dxc4 7. Qc2 a6 8.
a4 Bd7 9. Qxc4 Bc6 10. Bf4 Nbd7 11. Nc3 Nb6 12. Qd3 Nbd5 13. Bd2 Nb4 14. Qb1
Rb8 15. e3 b5 16. axb5 axb5 17. Rc1 Ba8 18. Re1 c5 19. Ne2 Be4 20. Qd1 Nc2
21. Ba5 Qc8 22. Rc1 Nxe1 23. Nxe1 Bxg2 24. Nxg2 c4 25. b4 Bd8 26. Ra1 Ra8
27. Nc3 Bxa5 28. bxa5 b4 29. Nb5 Qc6 30. Qa4 Rfb8 31. Nc3 Qxa4 32. Nxa4
{White resigns}
0-1

[Event "ICCopen2017"]
[Site "Internet Chess Club"]
[Date "2017.03.26"]
[Round "4"]
[White "CeffylGlas"]
[Black "FGM21"]
[Result "0-1"]
[ICCResult "White resigns"]
[WhiteElo "1447"]
[BlackElo "1928"]
[Opening "English: Botvinnik system"]
[ECO "A26"]
[NIC "EO.20"]
[Time "19:40:51"]
[TimeControl "180+0"]

1. c4 e5 2. Nc3 Nc6 3. g3 g6 4. Bg2 Bg7 5. d3 d6 6. e4 Nge7 7. Nge2 O-O 8.
O-O f5 9. f4 Be6 10. h3 Qd7 11. Kh2 Rae8 12. Be3 Nd4 13. Bf2 Nxe2 14. Nxe2
c6 15. Rb1 a6 16. b4 Bf7 17. exf5 Nxf5 18. fxe5 Bxe5 19. Nf4 g5 20. Ne2 Bh5
21. Kg1 Bxg3 22. Nxg3 Bxd1 23. Rbxd1 Ne3 24. Bxe3 Rxe3 25. Rxf8+ Kxf8 26.
Rf1+ Ke8 27. Nh5 Kd8 28. Nf6 Qe7 29. Ng4 Re1 30. Nf2 Qe3 {White resigns} 0-1

[Event "ICCopen2017"]
[Site "Internet Chess Club"]
[Date "2017.03.26"]
[Round "4"]
[White "ALexiz"]
[Black "sanguine"]
[Result "1-0"]
[ICCResult "Black resigns"]
[WhiteElo "1660"]
[BlackElo "1034"]
[Opening "Queen's pawn, Mason variation"]
[ECO "D00"]
[NIC "QP.08"]
[Time "19:41:33"]
[TimeControl "180+0"]

1. d4 d5 2. Bf4 Bf5 3. e3 Nf6 4. Nf3 e6 5. c4 Bb4+ 6. Nbd2 Ne4 7. Be2 Nxf2
8. Kxf2 O-O 9. Rf1 Nc6 10. Kg1 Qf6 11. a3 Ba5 12. b4 Bxb4 13. axb4 Nxb4 14.
Be5 Qg6 15. Nh4 Qg5 16. Nxf5 exf5 17. Bf4 Qg6 18. Nf3 c6 19. Ne5 Qe6 20. Qb3
a5 21. cxd5 Nxd5 22. Bc4 Qe7 23. Bxd5 cxd5 24. Qxd5 Rac8 25. Qxa5 Rc2 26.
Rfc1 Rxg2+ 27. Kxg2 Qh4 28. Bg3 Qe4+ 29. Nf3 Qxe3 30. Qc3 Qe2+ 31. Kh1 Re8
32. Re1 Qb5 33. Rxe8+ Qxe8 34. Re1 Qc6 35. Qxc6 {Black resigns} 1-0

[Event "ICCopen2017"]
[Site "Internet Chess Club"]
[Date "2017.03.26"]
[Round "4"]
[White "DementedMonkey"]
[Black "Speiretti"]
[Result "1-0"]
[ICCResult "Black checkmated"]
[WhiteElo "2201"]
[BlackElo "1901"]
[Opening "Torre attack (Tartakower variation)"]
[ECO "D03"]
[NIC "QP.06"]
[Time "19:42:02"]
[TimeControl "180+0"]

1. d4 Nf6 2. Nf3 d5 3. Bg5 e6 4. Nbd2 c5 5. e3 Nc6 6. c3 Qb6 7. Rb1 Bd6 8.
Bd3 Bd7 9. O-O Rc8 10. Qe2 cxd4 11. exd4 O-O 12. Ne5 Rc7 13. Bxf6 gxf6 14.
Qh5 f5 15. Ng4 Be7 16. Nf3 Be8 17. Ng5 Bxg5 18. Qxg5+ Kh8 19. Qf6+ Kg8 20.
Nh6# {Black checkmated} 1-0

[Event "ICCopen2017"]
[Site "Internet Chess Club"]
[Date "2017.03.26"]
[Round "4"]
[White "DGurevich"]
[Black "BryanL"]
[Result "1-0"]
[ICCResult "Black resigns"]
[WhiteElo "2545"]
[BlackElo "1988"]
[Opening "Grünfeld: Three knights variation"]
[ECO "D90"]
[NIC "GI.07"]
[Time "19:41:34"]
[TimeControl "180+0"]

1. d4 Nf6 2. c4 g6 3. Nc3 d5 4. Nf3 Bg7 5. cxd5 Nxd5 6. Bd2 O-O 7. Rc1 c6 8.
e3 Nd7 9. Be2 N7b6 10. Ne4 Rb8 11. O-O Bf5 12. Nc5 Nd7 13. Nb3 e5 14. dxe5
Nxe5 15. Nfd4 Bd3 16. f4 Bxe2 17. Qxe2 Nd7 18. e4 N5b6 19. e5 Nd5 20. e6 Re8
21. exf7+ Kxf7 22. Qf3 Qf6 23. Kh1 Kg8 24. f5 Ne5 25. Qg3 Rf8 26. Bg5 Qd6
27. Ne6 Rxf5 28. Rxf5 gxf5 29. Nxg7 f4 30. Bxf4 Nxf4 31. Nf5+ Qg6 32. Ne7+
{Black resigns}
1-0